[Event "Team 45 45 League T73"]
[Site "Internet Chess Club"]
[Date "2017.07.20"]
[Round "6"]
[White "Scorpius"]
[Black "nosir"]
[Result "1/2-1/2"]
[WhiteElo "1366"]
[BlackElo "1473"]
[Opening "Blackmar gambit"]
[ECO "D00"]
[Time "20:01:31"]
[TimeControl "2700+45"]

1. d4 d5 2. e4 dxe4 3. Nc3 Nf6 4. f3 c6 5. fxe4 e6 6. a3 Be7 7. Nf3 O-O 8. Bc4
b5 9. Bd3 a6 10. O-O Bb7 11. e5 Nd5 12. Nxd5 Qxd5 13. Qe2 Qd8 14. c3 Nd7 15. Be3
c5 16. Rad1 c4 17. Bc2 Qc7 18. h4 f5 19. exf6 Nxf6 20. Bg5 Bd5 21. Ne5 Bd6 22.
h5 Bxe5 23. dxe5 Nd7 24. h6 Qxe5 25. Qg4 Rxf1+ 26. Rxf1 Rf8 27. Rxf8+ Nxf8 28.
Bf4 Qf6 29. Bg5 Qf7 30. hxg7 Qxg7 31. Qh5 Ng6 32. Bh6 Qf7 33. Be3 Ne7 34. Bxh7+
Qxh7 35. Qe8+ Kg7 36. Qxe7+ Kg6 37. Qg5+ Kf7 38. Qf4+ Qf5 39. Qc7+ Kg6 40. Qg3+
Kf7 41. Qc7+ Kg6 42. Qg3+ Kf7 43. Bd4 Qb1+ 44. Kh2 Qxb2 45. Qg7+ Ke8 46. Qg8+
Kd7 47. Qf7+ Kc8 48. Qe8+ Kc7 49. Qe7+ Kc8 50. Qe8+ Kc7 51. Qe7+ Kc8 52. Qe8+
{Game drawn by repetition} 1/2-1/2

[Event "Team 45 45 League T73"]
[Site "Internet Chess Club"]
[Date "2017.07.23"]
[Round "6"]
[White "Elalfer"]
[Black "viktory"]
[Result "1/2-1/2"]
[WhiteElo "1546"]
[BlackElo "1670"]
[Opening "QGD: Semi-Tarrasch defense"]
[ECO "D40"]
[Time "13:00:24"]
[TimeControl "2700+45"]

1. d4 d5 2. c4 e6 3. Nf3 Nf6 4. Nc3 c5 5. dxc5 Bxc5 6. cxd5 exd5 7. e3 O-O 8.
Be2 Nc6 9. O-O Bf5 10. Nh4 Be6 11. Qc2 d4 12. Rd1 Nd5 13. Nxd5 Qxd5 14. e4 Qd8
15. Qxc5 Qxh4 16. Bf3 Bg4 17. g3 Qh3 18. Bg2 Qh5 19. Qxh5 Bxh5 20. Rd2 Rad8 21.
b4 Rd7 22. a3 Ne5 23. f4 Nc4 24. Rc2 Rc7 25. Bf1 Rfc8 26. Bxc4 Rxc4 27. Rxc4
Rxc4 28. Bb2 d3 29. h3 Rxe4 30. g4 Rxf4 31. gxh5 Rh4 32. Kh2 Rxh5 33. Rd1 {Game
drawn by mutual agreement} 1/2-1/2

[Event "Team 45 45 League T73"]
[Site "Internet Chess Club"]
[Date "2017.07.25"]
[Round "6"]
[White "krysto"]
[Black "EFXBT"]
[Result "0-1"]
[WhiteElo "1579"]
[BlackElo "1522"]
[Opening "QGD: 4.Bg5"]
[ECO "D50"]
[Time "16:25:42"]
[TimeControl "2700+45"]

1. d4 d5 2. c4 Nf6 3. Nc3 e6 4. Bg5 Bb4 5. e3 c5 6. Nf3 cxd4 7. exd4 O-O 8. Bd3
dxc4 9. Bxc4 Nc6 10. O-O h6 11. Bh4 a6 12. a3 Be7 13. Re1 b5 14. Ba2 Bb7 15. d5
Nxd5 16. Bxe7 Ncxe7 17. Ne4 Rc8 18. Rc1 Rxc1 19. Qxc1 Qc7 20. Nc5 Rc8 21. b4 Nf4
22. Qe3 Nf5 23. Qe2 Nxe2+ {White resigns} 0-1

[Event "Team 45 45 League T73"]
[Site "Internet Chess Club"]
[Date "2017.07.24"]
[Round "6"]
[White "Srijan13"]
[Black "scostanzo212"]
[Result "1-0"]
[WhiteElo "1501"]
[BlackElo "1520"]
[Opening "QGD Slav: 4.e3 Bf5"]
[ECO "D12"]
[Time "17:06:48"]
[TimeControl "2700+45"]

1. d4 d5 2. c4 c6 3. Nf3 Nf6 4. e3 Bf5 5. Nc3 e6 6. Nh4 Bg6 7. Nxg6 hxg6 8. Qb3
Qb6 9. Qxb6 axb6 10. cxd5 exd5 11. a3 b5 12. Be2 Bd6 13. O-O Bxh2+ 14. Kh1 Nbd7
15. f3 Bg3+ 16. Kg1 O-O-O 17. Bd3 Rh7 18. Ne2 Nh5 19. Bd2 Rdh8 20. Nxg3 Nxg3 21.
Rfe1 Rh1+ 22. Kf2 Rxe1 23. Rxe1 Nf5 24. Ra1 Nb6 25. b3 Kc7 26. a4 bxa4 27. bxa4
Ra8 28. a5 Kd7 29. Rb1 Nc8 30. Rxb7+ Ke6 31. Rc7 Nce7 32. a6 Nd6 33. Bb4 Rc8 34.
Rxc8 Nexc8 35. Bc5 Nb5 36. Bxb5 cxb5 37. a7 Nxa7 38. Bxa7 b4 39. Bc5 b3 40. Ba3
f5 41. Ke2 g5 42. Kd3 f4 43. e4 dxe4+ 44. fxe4 g4 45. d5+ Kd7 46. e5 g5 47. Ke2
Ke8 48. e6 Kd8 49. d6 Ke8 50. Kf2 Kd8 51. Bb2 Ke8 52. Bf6 g3+ 53. Kf3 g4+ 54.
Kxf4 b2 55. Bxb2 {Black resigns} 1-0

[Event "Team 45 45 League T73"]
[Site "Internet Chess Club"]
[Date "2017.07.23"]
[Round "6"]
[White "LookImYourVader"]
[Black "cityprosecutor"]
[Result "1/2-1/2"]
[WhiteElo "1757"]
[BlackElo "1707"]
[Opening "Pirc: Byrne variation"]
[ECO "B07"]
[Time "15:12:54"]
[TimeControl "2700+45"]

1. e4 d6 2. d4 Nf6 3. Nc3 g6 4. Bg5 h6 5. Bf4 c6 6. Qd2 b5 7. e5 dxe5 8. Bxe5
Nbd7 9. Bf4 Bg7 10. h4 Nb6 11. Nf3 Nbd5 12. Be5 Be6 13. Bd3 Nb4 14. Be4 Rc8 15.
O-O O-O 16. a3 Nbd5 17. Bd3 Bg4 {Game drawn by mutual agreement} 1/2-1/2

[Event "Team 45 45 League T73"]
[Site "Internet Chess Club"]
[Date "2017.07.22"]
[Round "6"]
[White "Hal2001"]
[Black "Duguesclin"]
[Result "0-1"]
[WhiteElo "1609"]
[BlackElo "1545"]
[Opening "Sicilian: Grand Prix attack"]
[ECO "B23"]
[Time "13:05:37"]
[TimeControl "2700+45"]

1. e4 c5 2. Nc3 Nc6 3. f4 d6 4. Nf3 Bg4 5. Bb5 Qb6 6. O-O O-O-O 7. Bxc6 bxc6 8.
Na4 Qb4 9. Nc3 c4 10. a3 Qc5+ 11. Kh1 h5 12. d3 d5 13. d4 Bxf3 14. dxc5 Bxd1 15.
Rxd1 e6 16. exd5 Bxc5 17. dxe6 Rxd1+ 18. Nxd1 fxe6 19. Be3 Bb6 20. a4 Nf6 21. a5
Bxe3 22. Nxe3 c3 23. b3 Nd5 24. Nc4 Nxf4 25. Re1 Kc7 26. g3 Nd5 27. Rxe6 g5 28.
Kg2 h4 29. gxh4 Nf4+ {White resigns} 0-1

[Event "Team 45 45 League T73"]
[Site "Internet Chess Club"]
[Date "2017.07.25"]
[Round "6"]
[White "filmdirector"]
[Black "Constrictor"]
[Result "1-0"]
[WhiteElo "1691"]
[BlackElo "1472"]
[Opening "Alekhine's defense: Scandinavian variation"]
[ECO "B02"]
[Time "20:04:07"]
[TimeControl "2700+45"]

1. e4 Nf6 2. Nc3 d5 3. exd5 Nxd5 4. Bc4 Nb6 5. Bb3 Nc6 6. d3 Bf5 7. Qf3 e6 8.
Nge2 Be7 9. O-O O-O 10. Be3 Bg5 11. Rad1 Rb8 12. d4 Na5 13. Rd2 Nxb3 14. axb3 c6
15. Bxg5 Qxg5 16. Rfd1 Nd7 17. Ng3 Bg4 18. Qd3 Bxd1 19. Rxd1 Qg6 20. Qd2 Nf6 21.
Nce2 Rfd8 22. c4 Ne4 23. Qf4 Nxg3 24. Nxg3 Rbc8 25. Ne4 Rd7 26. Rd3 Rcd8 27. Rg3
Rxd4 28. f3 Qf5 29. Qh6 g6 30. Rg5 Rd1+ 31. Kf2 R8d2+ 32. Kg3 Qxg5+ 33. Nxg5 Rd7
34. Nxh7 {Black resigns} 1-0

[Event "Team 45 45 League T73"]
[Site "Internet Chess Club"]
[Date "2017.07.24"]
[Round "6"]
[White "Gilguli"]
[Black "vic20gt"]
[Result "0-1"]
[WhiteElo "1405"]
[BlackElo "1320"]
[Opening "French: exchange variation"]
[ECO "C01"]
[Time "14:07:15"]
[TimeControl "2700+45"]

1. e4 e6 2. d4 d5 3. exd5 exd5 4. c4 Bb4+ 5. Bd2 Qe7+ 6. Qe2 Nf6 7. Bxb4 Qxe2+
8. Bxe2 dxc4 9. Bxc4 Nc6 10. Bb5 Bd7 11. Bc3 Ne4 12. d5 Nxc3 13. dxc6 Nxb5 14.
cxd7+ Kxd7 15. Nc3 Nxc3 16. bxc3 Rhe8+ 17. Kd2 Kc6 18. Nf3 Rad8+ 19. Nd4+ Kc5
20. Rab1 b6 21. Rb5+ Kc4 22. Rb4+ Kc5 23. Kc2 a5 24. Rb5+ Kc4 25. Rd1 Rxd4 26.
Rxd4+ Kxb5 27. a4+ Kc6 28. Rc4+ Kb7 29. Kd3 c5 30. Re4 Rxe4 31. Kxe4 b5 32. axb5
a4 33. Kd3 a3 34. Kc2 c4 35. Kb1 Kb6 36. Ka2 Kxb5 37. Kxa3 Kc5 38. Ka4 f5 39. f3
f4 40. g3 fxg3 41. hxg3 h5 42. Ka5 g5 43. Ka6 h4 44. f4 {White resigns} 0-1

[Event "Team 45 45 League T73"]
[Site "Internet Chess Club"]
[Date "2017.07.22"]
[Round "6"]
[White "calsal"]
[Black "Packerfan"]
[Result "0-1"]
[WhiteElo "1693"]
[BlackElo "1751"]
[Opening "Bishop's opening: Berlin defense"]
[ECO "C24"]
[Time "10:01:33"]
[TimeControl "2700+45"]

1. e4 e5 2. Bc4 Nf6 3. d3 Nc6 4. Nc3 Be7 5. f4 d6 6. Nf3 O-O 7. O-O exf4 8. Bxf4
Na5 9. Bb3 Nxb3 10. axb3 b6 11. Qe2 Bb7 12. Nd4 Nd7 13. Qh5 Bf6 14. Be3 Ne5 15.
Nf5 a5 16. d4 Ng6 17. Rf3 Re8 18. Rh3 h6 19. Rf1 Bxe4 20. Nxe4 Rxe4 21. Nxh6+
gxh6 22. Qxh6 Rh4 23. Rxh4 Bxh4 24. g3 Bf6 25. h4 Bg7 26. Qh5 Qe7 27. Qf3 Re8
28. Bf2 Nh8 29. Qc6 Qe4 30. Qxc7 Bxd4 31. Qxd6 Bxf2+ 32. Rxf2 Qe3 33. Kg2 Ng6
34. Qd7 Qe4+ 35. Kg1 Qe1+ 36. Kg2 Qe6 37. Qb7 Qe4+ {White resigns} 0-1

[Event "Team 45 45 League T73"]
[Site "Internet Chess Club"]
[Date "2017.07.21"]
[Round "6"]
[White "harlyman"]
[Black "Yedixon"]
[Result "1-0"]
[WhiteElo "1763"]
[BlackElo "1714"]
[Opening "QGD: Chigorin defense"]
[ECO "D07"]
[Time "15:06:09"]
[TimeControl "2700+45"]

1. d4 d5 2. c4 Nc6 3. Nc3 Nf6 4. Nf3 Bg4 5. Bg5 Ne4 6. Nxe4 dxe4 7. d5 exf3 8.
dxc6 f6 9. Qxd8+ Rxd8 10. gxf3 Bxf3 11. exf3 fxg5 12. cxb7 Rb8 13. O-O-O Rxb7
14. Bd3 e6 15. Rhe1 Ke7 16. Be4 Rb6 17. c5 Ra6 18. Kb1 Kf6 19. Rd8 h5 20. Red1
g6 21. R1d7 Bg7 22. Rxh8 Bxh8 23. Rxc7 Bg7 24. c6 Ra5 25. Rb7 Rc5 26. b4 Rc4 27.
Kb2 g4 28. Kb3 Rc1 29. Bc2 {Black resigns} 1-0

[Event "Team 45 45 League T73"]
[Site "Internet Chess Club"]
[Date "2017.07.22"]
[Round "6"]
[White "KidRattler"]
[Black "tryanything"]
[Result "1-0"]
[WhiteElo "1651"]
[BlackElo "1551"]
[Opening "Two knights defense (Modern bishop's opening)"]
[ECO "C55"]
[Time "19:03:11"]
[TimeControl "2700+45"]

1. e4 Nc6 2. Nf3 e5 3. Bc4 Nf6 4. d3 Be7 5. c3 d6 6. Be3 O-O 7. Nbd2 a6 8. a4
Bg4 9. h3 Be6 10. Bxe6 fxe6 11. Qb3 Qd7 12. g4 d5 13. g5 Nh5 14. O-O-O Nf4 15.
Bxf4 Rxf4 16. Rhg1 Rb8 17. g6 h6 18. Rg3 b5 19. exd5 exd5 20. axb5 Rxb5 21. Qa2
Ra5 22. Qb3 Rb5 23. Qa2 Ra5 24. Qb1 Qf5 25. Ne1 Rxf2 26. Nc2 Bg5 27. b4 Rb5 28.
Qa2 Bxd2+ 29. Rxd2 Qf4 30. Re3 Qh2 31. Rxf2 Qxf2 32. Re1 Qf4+ 33. Kb2 a5 34. Qa4
Rb6 35. Ka3 axb4+ 36. Nxb4 Qf8 37. Qb3 Nxb4 38. cxb4 Qa8+ 39. Kb2 Rxg6 40. Qc2
Qb7 41. Kb3 Rb6 42. Qc3 Re6 43. Rxe5 Rxe5 44. Qxe5 c5 45. Qe8+ Kh7 46. b5 Qf7
47. Qxf7 {Black resigns} 1-0

[Event "Team 45 45 League T73"]
[Site "Internet Chess Club"]
[Date "2017.07.23"]
[Round "6"]
[White "clarinetref"]
[Black "mongmong"]
[Result "1/2-1/2"]
[WhiteElo "1512"]
[BlackElo "1504"]
[Opening "French: exchange variation"]
[ECO "C01"]
[Time "19:10:01"]
[TimeControl "2700+45"]

1. e4 e6 2. d4 d5 3. exd5 exd5 4. Bd3 Nc6 5. Qe2+ Be6 6. c3 Bd6 7. Nf3 Nge7 8.
O-O Qd7 9. Ng5 O-O-O 10. Nxe6 fxe6 11. Re1 e5 12. dxe5 Nxe5 13. Bg5 Nxd3 14.
Qxd3 Rde8 15. Nd2 c6 16. Nf3 h6 17. Bxe7 Rxe7 18. Nh4 Rhe8 19. Rxe7 Qxe7 20. g3
Qe4 21. Qxe4 Rxe4 22. Nf5 Bf8 23. Kf1 Kd7 24. Re1 Rxe1+ 25. Kxe1 Ke6 26. Nd4+
Ke5 27. Ke2 a6 28. Ke3 Bc5 29. f4+ Kd6 30. Kd3 Bxd4 31. Kxd4 c5+ 32. Kd3 b5 33.
g4 Ke6 34. h4 Kf6 35. b4 cxb4 36. cxb4 Ke6 37. Kd4 Kd6 38. a3 g6 39. h5 gxh5 40.
gxh5 Ke6 41. Kc5 Kf5 42. Kxd5 Kxf4 43. Kc6 Kg5 44. Kb6 Kxh5 45. Kxa6 Kg4 46.
Kxb5 h5 47. Ka6 h4 48. b5 h3 49. b6 h2 50. b7 h1=Q 51. b8=Q Qc6+ 52. Qb6 Qa8+
53. Qa7 Qc6+ 54. Qb6 Qa4+ 55. Qa5 {Game drawn by mutual agreement} 1/2-1/2

[Event "Team 45 45 League T73"]
[Site "Internet Chess Club"]
[Date "2017.07.21"]
[Round "6"]
[White "idjit"]
[Black "Pawnchain"]
[Result "1/2-1/2"]
[WhiteElo "1617"]
[BlackElo "1394"]
[Opening "Philidor: exchange variation"]
[ECO "B07"]
[Time "11:00:27"]
[TimeControl "2700+45"]

1. e4 d6 2. d4 e5 3. Nf3 exd4 4. Nxd4 Nf6 5. Nc3 Nbd7 6. Be2 Be7 7. O-O O-O 8.
f4 Nc5 9. Bf3 c6 10. Qe2 Qb6 11. Rd1 Ne6 {Game drawn by mutual agreement}
1/2-1/2

[Event "Team 45 45 League T73"]
[Site "Internet Chess Club"]
[Date "2017.07.21"]
[Round "6"]
[White "liujf"]
[Black "Demachaeron"]
[Result "1/2-1/2"]
[WhiteElo "1578"]
[BlackElo "1657"]
[Opening "Scandinavian (center counter) defense"]
[ECO "B01"]
[Time "19:01:02"]
[TimeControl "2700+45"]

1. e4 d5 2. exd5 Qxd5 3. Nc3 Qa5 4. Nf3 Nf6 5. d4 Bg4 6. Bd2 c6 7. Bc4 e6 8. a3
Be7 9. O-O Nbd7 10. Re1 Qb6 11. Bf4 Bxf3 12. gxf3 O-O-O 13. b4 e5 14. dxe5 Nxe5
15. Qe2 Nxc4 16. Qxc4 Rd4 17. Qxf7 Rxf4 18. Qxe7 Rxf3 19. Re3 Re8 20. Qxe8+ Nxe8
21. Rxf3 Nf6 22. Re1 a5 23. bxa5 Qxa5 24. a4 Qb4 25. Rb1 Qc4 26. Rb3 Nh5 27. Re3
Nf6 28. Re7 Qg4+ 29. Kh1 Qh3 30. Ne2 Qf1+ 31. Ng1 Ng4 32. h3 Nxf2+ 33. Kh2 Qc4
34. Rbxb7 Qf4+ 35. Kg2 Ne4 36. Rbc7+ Qxc7 37. Rxc7+ Kxc7 38. Kf3 Nc3 39. Ne2
Nxa4 40. Nf4 Kd6 41. Nh5 g6 42. Nf6 h5 43. Kf4 Ke6 44. Kg5 {Game drawn by mutual
agreement} 1/2-1/2

[Event "Team 45 45 League T73"]
[Site "Internet Chess Club"]
[Date "2017.07.24"]
[Round "6"]
[White "g8wrb"]
[Black "crazyhorses"]
[Result "0-1"]
[WhiteElo "1220"]
[BlackElo "1413"]
[Opening "QGD: Albin counter-gambit"]
[ECO "D08"]
[Time "09:00:51"]
[TimeControl "2700+45"]

1. d4 d5 2. c4 e5 3. e3 dxc4 4. Bxc4 Nf6 5. Nc3 exd4 6. exd4 Bb4 7. a3 Bxc3+ 8.
bxc3 O-O 9. Nf3 Bg4 10. O-O c5 11. Be3 Nc6 12. h3 Bh5 13. Rb1 Qd7 14. Be2 Ne4
15. Qd3 Bg6 16. Qc4 Nd6 17. Qxc5 Bxb1 18. Rxb1 Ne4 19. Ng5 Nxc5 {White resigns}
0-1

[Event "Team 45 45 League T73"]
[Site "Internet Chess Club"]
[Date "2017.07.23"]
[Round "6"]
[White "Kingofknights"]
[Black "SeniorCitizen"]
[Result "0-1"]
[WhiteElo "1477"]
[BlackElo "1295"]
[Opening "QGD: 6.Nf3"]
[ECO "D55"]
[Time "13:30:26"]
[TimeControl "2700+45"]

1. d4 d5 2. c4 e6 3. Nc3 Nf6 4. Bg5 Be7 5. e3 O-O 6. Nf3 c6 7. Qc2 Nbd7 8. Be2
c5 9. cxd5 Nxd5 10. Bxe7 Nxe7 11. O-O b6 12. Ng5 Ng6 13. Bf3 Rb8 14. Rfd1 Qxg5
15. d5 Nde5 16. Be2 Bb7 17. f4 Qf5 18. Qxf5 exf5 19. fxe5 Nxe5 20. Nb5 a6 21.
Nd6 g6 22. Nxb7 Rxb7 23. Bxa6 Ra7 24. Bb5 Rd8 25. d6 Kg7 26. a4 Kf6 27. b3 Ke6
28. Bc4+ Nxc4 29. bxc4 Rxd6 30. Kf2 Rxd1 31. Rxd1 Rxa4 32. Rb1 Ra6 33. h4 h5 34.
Kf3 Ke5 35. Rd1 f6 36. Rd5+ Ke6 37. Kf4 Ra4 38. g3 Rxc4+ 39. Kf3 Kxd5 {White
resigns} 0-1

[Event "Team 45 45 League T73"]
[Site "Internet Chess Club"]
[Date "2017.07.20"]
[Round "6"]
[White "wirerabbit"]
[Black "MartyJR"]
[Result "1-0"]
[WhiteElo "1461"]
[BlackElo "1441"]
[Opening "Sicilian: accelerated fianchetto, Maróczy bind, 6.Be3"]
[ECO "B38"]
[Time "21:04:19"]
[TimeControl "2700+45"]

1. e4 c5 2. Nf3 Nc6 3. d4 cxd4 4. Nxd4 g6 5. c4 Bg7 6. Be3 Nf6 7. Nc3 d6 8. f3
O-O 9. Be2 Qb6 10. Qd2 Nxe4 11. fxe4 Bxd4 12. Bh6 Bg7 13. Bxg7 Kxg7 14. Rd1 Be6
15. Nd5 Bxd5 16. exd5 Ne5 17. h4 Rac8 18. b3 a5 19. h5 Qb4 20. h6+ Kg8 21. Rh3
Qxd2+ 22. Rxd2 f5 23. Re3 Rc7 24. Bd1 Ra8 25. a4 Ra6 26. Rde2 Ra8 27. Kd2 Re8
28. Kc3 Ng4 29. Re6 Ne5 30. R6xe5 dxe5 31. Rxe5 Rd7 32. Bf3 Kf7 33. g4 Kf6 34.
Kd4 e6 35. c5 Rxd5+ 36. Rxd5 exd5 37. gxf5 gxf5 38. Bxd5 Rd8 39. Kc4 Rd7 40. Bf3
Rc7 41. Kb5 Ke7 42. Kb6 Kd8 43. Bxb7 Rxb7+ 44. Kxb7 f4 45. c6 f3 46. c7+ Ke7 47.
c8=Q f2 48. Qg4 f1=Q 49. Qg7+ Ke6 50. Qg4+ Ke5 51. Qg7+ Ke6 52. Qg4+ Kf6 53.
Qg7+ Ke6 54. Qg4+ Kf6 55. Qd4+ Ke6 56. Qc4+ Qxc4 57. bxc4 Kd6 58. Kb6 {Black
resigns} 1-0

[Event "Team 45 45 League T73"]
[Site "Internet Chess Club"]
[Date "2017.07.20"]
[Round "6"]
[White "Janna"]
[Black "QuimCatala"]
[Result "1-0"]
[WhiteElo "1287"]
[BlackElo "1339"]
[Opening "Sicilian: Nimzovich-Rossolimo attack (without ...d6)"]
[ECO "B30"]
[Time "13:00:15"]
[TimeControl "2700+45"]

1. e4 c5 2. Nf3 Nc6 3. Bb5 d6 4. Nc3 Nf6 5. O-O Bg4 6. Be2 e5 7. d3 Be7 8. Nd5
Nxd5 9. exd5 Nd4 10. Nxd4 Bd7 11. Nb3 a5 12. f4 a4 13. Nd2 exf4 14. Rxf4 Bg5 15.
Rf1 Be3+ 16. Kh1 Qg5 17. Ne4 Qh6 18. Bxe3 Qxe3 19. Bg4 Qh6 20. Bxd7+ Kxd7 21.
Qg4+ Kc7 22. Rxf7+ Kb6 23. Qd7 Rab8 24. Qc7+ Ka7 25. Qa5# {Black checkmated} 1-0

[Event "Team 45 45 League T73"]
[Site "Internet Chess Club"]
[Date "2017.07.20"]
[Round "6"]
[White "GideonL"]
[Black "guyd52"]
[Result "1-0"]
[WhiteElo "1365"]
[BlackElo "1346"]
[Opening "Robatsch defense: Geller's system"]
[ECO "B06"]
[Time "19:30:21"]
[TimeControl "2700+45"]

1. e4 g6 2. Nf3 Bg7 3. d4 d6 4. c3 Nf6 5. Bd3 O-O 6. O-O Nbd7 7. Bg5 e5 8. d5
Qe8 9. Nbd2 Nc5 10. Bc2 c6 11. c4 Bd7 12. b3 cxd5 13. cxd5 Bb5 14. Re1 Rc8 15.
Rc1 Bd3 16. Bxf6 Bxf6 17. Re3 Qb5 18. Bxd3 Nxd3 19. Rxc8 Rxc8 20. Qf1 Rc1 21.
Ne1 Nxe1 22. Rxe1 Rxe1 23. Qxe1 Qa5 24. a4 Qb4 25. Qd1 Bd8 26. Nc4 b5 27. axb5
Qxb5 28. Nxd6 Qc5 29. Nb7 Qc7 30. Nxd8 Qxd8 31. Qc2 Qb6 32. g3 Qd4 33. Qc4 Qd1+
34. Kg2 Qg4 35. h3 Qd7 36. b4 f5 37. exf5 Qxf5 38. d6+ Kf8 39. Qc6 e4 40. Qa8+
Kf7 41. Qxa7+ Kg8 42. Qb8+ Kg7 43. Qc7+ Kh6 44. Qc3 Qe6 45. Qe3+ g5 46. h4 Qxd6
47. Qxg5# {Black checkmated} 1-0

[Event "Team 45 45 League T73"]
[Site "Internet Chess Club"]
[Date "2017.07.21"]
[Round "6"]
[White "Just-Jim"]
[Black "limeinthecoke"]
[Result "0-1"]
[WhiteElo "1258"]
[BlackElo "1352"]
[Opening "Réti opening"]
[ECO "A04"]
[Time "15:30:21"]
[TimeControl "2700+45"]

1. Nf3 e6 2. Nc3 f5 3. d3 d5 4. e3 Nf6 5. d4 Bd7 6. Be2 a6 7. Ne5 Bd6 8. Bh5+ g6
9. Nxg6 hxg6 10. Bxg6+ Ke7 11. e4 fxe4 12. g3 Qg8 13. Bxe4 Nxe4 14. Nxe4 dxe4
15. Qe2 Bc6 16. O-O Nd7 17. h4 Rxh4 18. Qe3 Nf6 19. Qg5 Qxg5 20. Bxg5 Rh5 21.
Bh4 Rg8 22. Kh2 Rxh4+ 23. Kg2 e3+ {White resigns} 0-1

[Event "Team 45 45 League T73"]
[Site "Internet Chess Club"]
[Date "2017.07.22"]
[Round "6"]
[White "noblitz-oblige"]
[Black "Constrictor"]
[Result "1-0"]
[WhiteElo "1437"]
[BlackElo "1480"]
[Opening "Alekhine's defense: Scandinavian variation"]
[ECO "B02"]
[Time "10:02:55"]
[TimeControl "2700+45"]

1. e4 Nf6 2. Nc3 d5 3. exd5 Nxd5 4. Nxd5 Qxd5 5. Nf3 Bg4 6. Be2 Nc6 7. O-O g6 8.
d4 Bg7 9. c4 Qd8 10. d5 Bxf3 11. Bxf3 Ne5 12. Be4 O-O 13. Qe2 Nd7 14. Rb1 Re8
15. Bg5 Bf6 16. Bf4 e6 17. Qc2 exd5 18. Bxd5 Be5 19. Bxe5 Re7 20. Bc3 c6 21. Bf3
Qc7 {Black resigns} 1-0

[Event "Team 45 45 League T73"]
[Site "Internet Chess Club"]
[Date "2017.07.19"]
[Round "6"]
[White "mongmong"]
[Black "RonaldoR"]
[Result "1-0"]
[WhiteElo "1493"]
[BlackElo "1651"]
[Opening "Queen's pawn game, Chigorin variation"]
[ECO "D02"]
[Time "19:01:11"]
[TimeControl "2700+45"]

1. d4 d5 2. Nf3 Nc6 3. g3 Bg4 4. Nbd2 Qd7 5. h3 Bf5 6. c3 e6 7. Nh4 Bg6 8. Bg2
Bd6 9. e4 dxe4 10. Nxe4 Bxe4 11. Bxe4 Nf6 12. Bg2 O-O-O 13. Qa4 Kb8 14. Bxc6
Qxc6 15. Qxc6 bxc6 16. Bg5 Be7 17. Nf3 h6 18. Be3 Bd6 19. Ke2 Nd5 20. g4 Nxe3
21. fxe3 c5 22. Rad1 cxd4 23. exd4 Rd7 24. d5 exd5 25. Rxd5 Rhd8 26. Rhd1 Kc8
27. c4 f6 28. Nh4 c6 29. R5d3 Bg3 30. Rxd7 Rxd7 31. Rxd7 Kxd7 32. Nf5 Be5 33.
Nxg7 Bxb2 34. Nf5 Ke6 35. Nxh6 Ke5 36. Nf5 Ba3 37. Kf3 Bc1 38. h4 Bd2 39. h5 Bg5
40. h6 {Black resigns} 1-0

[Event "Team 45 45 League T73"]
[Site "Internet Chess Club"]
[Date "2017.07.24"]
[Round "6"]
[White "Bible-Believer"]
[Black "UrsaMajor"]
[Result "1/2-1/2"]
[WhiteElo "1395"]
[BlackElo "1486"]
[Opening "Queen's pawn: London system"]
[ECO "A45"]
[Time "20:02:53"]
[TimeControl "2700+45"]

1. d4 Nf6 2. Bf4 d5 3. e3 e6 4. Nd2 c5 5. c3 cxd4 6. exd4 a6 7. h4 Bd6 8. Bh2
Bxh2 9. Rxh2 Qd6 10. Ngf3 Nbd7 11. Bd3 O-O 12. Qe2 Re8 13. Ne5 Qc7 14. g4 Nxe5
15. dxe5 Nxg4 16. Rg2 Nh6 17. Qh5 Nf5 18. Bxf5 Qxe5+ 19. Kf1 exf5 20. Nf3 Qf6
21. Rd1 Be6 22. Rd3 f4 23. Ng5 h6 24. Nh3 Bxh3 25. Rxh3 Re5 26. Rg5 Rxg5 27.
hxg5 Qxg5 28. Qf3 Rd8 29. Rh5 Qf6 30. Rxd5 Rxd5 31. Qxd5 b5 32. Qa8+ Kh7 33. Qb7
f3 34. Qe4+ Kg8 35. Qe8+ Kh7 36. Qe4+ Kg8 37. Qe8+ Kh7 {Game drawn by mutual
agreement} 1/2-1/2

[Event "Team 45 45 League T73"]
[Site "Internet Chess Club"]
[Date "2017.07.21"]
[Round "6"]
[White "smsxman"]
[Black "OGO"]
[Result "1-0"]
[WhiteElo "1386"]
[BlackElo "1412"]
[Opening "Four knights: Italian variation"]
[ECO "C47"]
[Time "21:30:19"]
[TimeControl "2700+45"]

1. e4 e5 2. Nc3 Nf6 3. Nf3 Nc6 4. Bc4 Nxe4 5. Bxf7+ Kxf7 6. Nxe4 Be7 7. d3 h6 8.
O-O d5 9. Nc3 Bg4 10. h3 Bh5 11. Nxe5+ Nxe5 12. Qxh5+ Ng6 13. Nxd5 Bd6 14. Nf4
Bxf4 15. Bxf4 Qd7 16. Qf3 Nh4 17. Qg3 Nf5 18. Qf3 Nh4 19. Qxb7 Rhb8 20. Qxc7
Qxc7 21. Bxc7 Rxb2 22. Bg3 Nf5 23. c4 Rd8 24. Rfd1 Re8 25. Re1 Rd8 26. Be5 Rd2
27. Red1 Re2 28. d4 Rc2 29. c5 Re8 30. a4 a5 31. Bc7 Ree2 32. Rf1 Ne3 33. fxe3+
Kg8 34. Rf3 Rxg2+ 35. Kh1 Rge2 36. Kg1 Rg2+ 37. Kf1 Rgd2 38. Bd6 {Black resigns}
1-0

[Event "Team 45 45 League T73"]
[Site "Internet Chess Club"]
[Date "2017.07.22"]
[Round "6"]
[White "az2112"]
[Black "chuckh2"]
[Result "1/2-1/2"]
[WhiteElo "1678"]
[BlackElo "1490"]
[Opening "French: Rubinstein variation"]
[ECO "C03"]
[Time "11:03:14"]
[TimeControl "2700+45"]

1. e4 e6 2. d4 d5 3. Nd2 dxe4 4. Nxe4 Nd7 5. Nf3 Ngf6 6. Nxf6+ Nxf6 7. Bg5 Be7
8. Bd3 Bd7 9. O-O Bc6 10. c3 Bxf3 11. Qxf3 Qd5 12. Qxd5 Nxd5 13. Bxe7 Nxe7 14.
Bb5+ c6 15. Ba4 O-O 16. Bc2 {Game drawn by mutual agreement} 1/2-1/2

[Event "Team 45 45 League T73"]
[Site "Internet Chess Club"]
[Date "2017.07.21"]
[Round "6"]
[White "bmw2002"]
[Black "ChessMaine"]
[Result "0-1"]
[WhiteElo "1530"]
[BlackElo "1504"]
[Opening "English opening"]
[ECO "A13"]
[Time "21:03:08"]
[TimeControl "2700+45"]

1. c4 e6 2. g3 d5 3. Bg2 c5 4. cxd5 exd5 5. Nf3 Nc6 6. O-O Nf6 7. d4 b6 8. Nc3
Bf5 9. a3 Be7 10. dxc5 bxc5 11. Re1 O-O 12. Bf4 a6 13. Nh4 Be6 14. Qc2 Qc8 15.
Na4 h6 16. Nb6 Qb7 17. Nxa8 g5 18. Nc7 Nd4 19. Qd3 gxh4 20. Nxe6 fxe6 21. Bxh6
Nf5 22. Bxf8 Bxf8 23. gxh4 Qg7 24. Qh3 Nd4 25. Rac1 Ne4 26. e3 Nf5 27. Rc2 c4
28. Kh1 Nf6 29. Rg1 Kf7 30. Bxd5 Qh6 31. Bxc4 Qh5 32. Be2 Qh7 33. Rc7+ Be7 34.
h5 Ne4 35. Bd3 Nxf2+ 36. Kg2 Nxh3 37. Kxh3 Qxh5+ 38. Kg2 Nxe3+ 39. Kf2 Qxh2+ 40.
Kxe3 Qxg1+ 41. Ke4 Qg4+ {White resigns} 0-1

[Event "Team 45 45 League T73"]
[Site "Internet Chess Club"]
[Date "2017.07.20"]
[Round "6"]
[White "seattleblues"]
[Black "BrerRabbit"]
[Result "1-0"]
[WhiteElo "1317"]
[BlackElo "1327"]
[Opening "Old Indian: Tartakower (Wade) variation"]
[ECO "A41"]
[Time "19:32:16"]
[TimeControl "2700+45"]

1. d4 d6 2. Nf3 Bg4 3. c4 Nd7 4. Nc3 c6 5. h3 Bxf3 6. exf3 g6 7. Bd3 Bg7 8. Be3
Ngf6 9. O-O e6 10. Qb3 Qc7 11. Rfe1 d5 12. cxd5 cxd5 13. Nb5 Qb6 14. Bf4 O-O 15.
Qd1 a6 16. Nc3 Qxb2 17. Bd2 Qb6 18. Ne2 Rfc8 19. Rb1 Qc7 20. Bf4 Qa5 21. a4 Nh5
22. Bh2 Ra7 23. Qb3 e5 24. dxe5 Nxe5 25. Bc2 Nc4 26. Qa2 b5 27. Bb3 Nf6 28. axb5
Qxa2 29. Bxa2 axb5 30. Bb3 Nd2 31. Rb2 Nxb3 32. Rxb3 Rb7 33. Reb1 Ra8 34. Nd4 b4
35. Nc6 Bf8 36. Be5 Ne8 37. Bf4 Bd6 38. Bd2 Ra2 39. Bxb4 Bxb4 40. Nxb4 Nf6 41.
Nxa2 {Black resigns} 1-0